TOP OF THE 1ST |
---|
Reading Rainbows batting - Pitching for Kingston Iguanas : RHP Paul Lorenzo | Pitching: RHP Paul Lorenzo | | Batting: RHB Howard Johnson | 0-0: Ground out 4-3 (Groundball, 4S) | Batting: RHB Juan Magdayao | 0-0: Ball 1-0: Called Strike 1-1: Swinging Strike 1-2: Foul Ball, location: 2F 1-2: Foul Ball, location: 2F 1-2: SINGLE (Line Drive, 34D) | Batting: LHB Júlio Lorenzo | 0-0: Called Strike 0-1: Ball 1-1: Ball 2-1: Fielders Choice at 2nd, 5-4 (Groundball, 56) | Batting: RHB Ron King | 0-0: Ball 1-0: Swinging Strike 1-1: Ball Wild Pitch! Júlio Lorenzo to second 2-1: Swinging Strike 2-2: Ground out 5-3 (Groundball, 5L) | Top of the 1st over - 0 runs, 1 hit, 0 errors, 1 left on base; Reading 0 - Kingston 0 | BOTTOM OF THE 1ST |
---|
Kingston Iguanas batting - Pitching for Reading Rainbows : RHP Matt Barlow | Pitching: RHP Matt Barlow | | Batting: LHB Marvin Nichols | 0-0: Fly out, F8 (Flyball, 89D) | Batting: RHB Francisco Martínez | 0-0: Swinging Strike 0-1: Swinging Strike 0-2: Ground out 1-3 (Groundball, 13S) | Batting: LHB Jon Quinn | 0-0: Ball 1-0: Swinging Strike 1-1: Ball 2-1: Foul Ball, location: 2F 2-2: DOUBLE (Line Drive, 9D) | Batting: RHB Alejandro Ramírez | 0-0: Foul Ball, location: 2F 0-1: Called Strike 0-2: Strikes out swinging | Bottom of the 1st over - 0 runs, 1 hit, 0 errors, 1 left on base; Reading 0 - Kingston 0 | TOP OF THE 2ND |
---|
Reading Rainbows batting - Pitching for Kingston Iguanas : RHP Paul Lorenzo | Batting: RHB Ethan Moore | 0-0: Ball 1-0: Swinging Strike 1-1: SOLO HOME RUN (Flyball, 7D), Distance : 372 ft | Batting: LHB Arturo Álvarez | 0-0: Foul Ball, location: 2F 0-1: Called Strike 0-2: Ball 1-2: Ball 2-2: Ball 3-2: Strikes out looking | Batting: RHB Germán Romero | 0-0: Ball 1-0: Foul Ball, location: 2F 1-1: Foul Ball, location: 2F 1-2: Strikes out swinging | Batting: RHB José Moreno | 0-0: Fly out, F9 (Flyball, 9LS) | Top of the 2nd over - 1 run, 1 hit, 0 errors, 0 left on base; Reading 1 - Kingston 0 | BOTTOM OF THE 2ND |
---|
Kingston Iguanas batting - Pitching for Reading Rainbows : RHP Matt Barlow | Batting: LHB Gustavo Gómez | 0-0: SINGLE (Line Drive, 56D) | Batting: RHB Bob Lee | 0-0: Called Strike 0-1: Fielders Choice at 2nd, 6-4 (Groundball, 6M) | Batting: RHB Sergio Mata | 0-0: Ball 1-0: Ball 2-0: Foul Ball, location: 2F 2-1: Fielders Choice at 2nd, 4-6 (Groundball, 34) | Batting: RHB Manuel Gómez | 0-0: Ball Sergio Mata steals 2nd base 1-0: SINGLE (Line Drive, 7LM) Sergio Mata to third Runner from 3rd tries for Home, SAFE, no throw | Batting: SHB Júlio Valentín | 0-0: Called Strike 0-1: Ball 1-1: Ground out 4-3 (Groundball, 34) | Bottom of the 2nd over - 1 run, 2 hits, 0 errors, 1 left on base; Reading 1 - Kingston 1 | TOP OF THE 3RD |
---|
Reading Rainbows batting - Pitching for Kingston Iguanas : RHP Paul Lorenzo | Batting: RHB Hubert Brown | 0-0: Called Strike 0-1: Ball 1-1: Swinging Strike 1-2: Strikes out swinging | Batting: RHB Howard Johnson | 0-0: Called Strike 0-1: Fly out, F8 (Line Drive, 8RM) | Batting: RHB Juan Magdayao | 0-0: Foul Ball, location: 2F 0-1: SINGLE (Groundball, 6MD) | Batting: LHB Júlio Lorenzo | 0-0: Called Strike 0-1: Foul Ball, location: 2F 0-2: Ground out 4-3 (Groundball, 4) | Top of the 3rd over - 0 runs, 1 hit, 0 errors, 1 left on base; Reading 1 - Kingston 1 | BOTTOM OF THE 3RD |
---|
Kingston Iguanas batting - Pitching for Reading Rainbows : RHP Matt Barlow | Batting: LHB Marvin Nichols | 0-0: Called Strike 0-1: Ball 1-1: Bunt for hit - play at first, batter OUT! 1-3 | Batting: RHB Francisco Martínez | 0-0: Ball 1-0: Called Strike 1-1: Ball 2-1: Ground out 4-3 (Groundball, 4D) | Batting: LHB Jon Quinn | 0-0: Ball 1-0: Ball 2-0: Swinging Strike 2-1: Ball 3-1: Base on Balls | Batting: RHB Alejandro Ramírez | 0-0: Swinging Strike 0-1: Ball 1-1: Fly out, F4 (Line Drive, 4M) | Bottom of the 3rd over - 0 runs, 0 hits, 0 errors, 1 left on base; Reading 1 - Kingston 1 | TOP OF THE 4TH |
---|
Reading Rainbows batting - Pitching for Kingston Iguanas : RHP Paul Lorenzo | Batting: RHB Ron King | 0-0: Called Strike 0-1: Ball 1-1: Ball 2-1: Foul Ball, location: 2F 2-2: Strikes out looking | Batting: RHB Ethan Moore | 0-0: Ball 1-0: Foul Ball, location: 2F 1-1: Swinging Strike 1-2: Ball 2-2: Strikes out looking | Batting: LHB Arturo Álvarez | 0-0: Called Strike 0-1: Foul Ball, location: 2F 0-2: Strikes out swinging | Top of the 4th over - 0 runs, 0 hits, 0 errors, 0 left on base; Reading 1 - Kingston 1 | BOTTOM OF THE 4TH |
---|
Kingston Iguanas batting - Pitching for Reading Rainbows : RHP Matt Barlow | Batting: LHB Gustavo Gómez | 0-0: Ball 1-0: SINGLE (Line Drive, 4MD) | Batting: RHB Bob Lee | 0-0: Called Strike 0-1: Ball 1-1: Swinging Strike 1-2: Foul Ball, location: 2F 1-2: Strikes out swinging | Batting: RHB Sergio Mata | 0-0: Called Strike 0-1: Ball 1-1: Ball 2-1: Ball 3-1: Fly out, F7 (Flyball, 78S) | Batting: RHB Manuel Gómez | 0-0: Fly out, F9 (Flyball, 9LS) | Bottom of the 4th over - 0 runs, 1 hit, 0 errors, 1 left on base; Reading 1 - Kingston 1 | TOP OF THE 5TH |
---|
Reading Rainbows batting - Pitching for Kingston Iguanas : RHP Paul Lorenzo | Batting: RHB Germán Romero | 0-0: Ball 1-0: Foul Ball, location: 2F 1-1: Ball 2-1: Foul Ball, location: 2F 2-2: Ground out 5-3 (Groundball, 56) | Batting: RHB José Moreno | 0-0: Foul Ball, location: 2F 0-1: Ball 1-1: Ball 2-1: Ball 3-1: Called Strike 3-2: Fly out, F4 (Popup, 4) | Batting: RHB Hubert Brown | 0-0: Foul Ball, location: 2F 0-1: SINGLE (Groundball, 56D) | Batting: RHB Howard Johnson | 0-0: Called Strike Hubert Brown steals 2nd base 0-1: Fly out, F2 (Popup, 2R) | Top of the 5th over - 0 runs, 1 hit, 0 errors, 1 left on base; Reading 1 - Kingston 1 | BOTTOM OF THE 5TH |
---|
Kingston Iguanas batting - Pitching for Reading Rainbows : RHP Matt Barlow | Batting: SHB Júlio Valentín | 0-0: Called Strike 0-1: Called Strike 0-2: Strikes out looking | Batting: LHB Marvin Nichols | 0-0: Swinging Strike 0-1: Foul Ball, location: 2F 0-2: Foul Ball, location: 2F 0-2: Strikes out looking | Batting: RHB Francisco Martínez | 0-0: Called Strike 0-1: Ground out 1-3 (Groundball, 13) | Bottom of the 5th over - 0 runs, 0 hits, 0 errors, 0 left on base; Reading 1 - Kingston 1 | TOP OF THE 6TH |
---|
Reading Rainbows batting - Pitching for Kingston Iguanas : RHP Paul Lorenzo | Batting: RHB Juan Magdayao | 0-0: Ball 1-0: Called Strike 1-1: Swinging Strike 1-2: Foul Ball, location: 2F 1-2: Strikes out swinging | Batting: LHB Júlio Lorenzo | 0-0: Swinging Strike 0-1: Foul Ball, location: 2F 0-2: Ball 1-2: Strikes out swinging | Batting: RHB Ron King | 0-0: Ball 1-0: Swinging Strike 1-1: Called Strike 1-2: Foul Ball, location: 2F 1-2: Ball 2-2: Fly out, F8 (Flyball, 8RM) | Top of the 6th over - 0 runs, 0 hits, 0 errors, 0 left on base; Reading 1 - Kingston 1 | BOTTOM OF THE 6TH |
---|
Kingston Iguanas batting - Pitching for Reading Rainbows : RHP Matt Barlow | Batting: LHB Jon Quinn | 0-0: Ground out 4-3 (Groundball, 4) | Batting: RHB Alejandro Ramírez | 0-0: Foul Ball, location: 2F 0-1: Ball 1-1: Ground out 6-3 (Groundball, 6) | Batting: LHB Gustavo Gómez | 0-0: SINGLE (Flyball, 5D) | Batting: RHB Bob Lee | 0-0: Called Strike 0-1: Ball 1-1: Ball 2-1: Ball 3-1: Swinging Strike 3-2: Fly out, F9 (Flyball, 9D) | Bottom of the 6th over - 0 runs, 1 hit, 0 errors, 1 left on base; Reading 1 - Kingston 1 | TOP OF THE 7TH |
---|
Reading Rainbows batting - Pitching for Kingston Iguanas : RHP Paul Lorenzo | Pitching: RHP Ron Jenkins | | Batting: RHB Ethan Moore | 0-0: Called Strike 0-1: Ball 1-1: Ball 2-1: Called Strike 2-2: Strikes out swinging | Pitching: LHP Jeff Minnich | | Pinch Hitting: RHB Carlos Huerta | 0-0: Ball 1-0: Swinging Strike 1-1: Ground out 6-3 (Groundball, 6) | Pitching: RHP Guo-fang Juan | | Batting: RHB Germán Romero | 0-0: Ball 1-0: Hit by Pitch | Batting: RHB José Moreno | 0-0: Ball 1-0: SINGLE (Groundball, 34D) Germán Romero to second Runner from 2nd tries for 3rd, OUT! | Top of the 7th over - 0 runs, 1 hit, 0 errors, 1 left on base; Reading 1 - Kingston 1 | BOTTOM OF THE 7TH |
---|
Kingston Iguanas batting - Pitching for Reading Rainbows : RHP Matt Barlow | Now in RF: Carlos Huerta | | Pinch Hitting: LHB Henry Durham | 0-0: Ball 1-0: Fly out, F5 (Popup, 5F) | Pinch Hitting: LHB Billy Anderson | 0-0: Foul Ball, location: 2F 0-1: Ball 1-1: SINGLE (Groundball, 34D) | Batting: SHB Júlio Valentín | 0-0: Ball 1-0: Ground out U3 (Groundball, 3L) Billy Anderson to second | Batting: LHB Marvin Nichols | 0-0: Ball 1-0: Foul Ball, location: 2F 1-1: Ball 2-1: DOUBLE (Line Drive, 8RD) Billy Anderson scores | Batting: RHB Francisco Martínez | 0-0: Ball 1-0: Swinging Strike 1-1: Ground out 3-1 (Groundball, 34) | Bottom of the 7th over - 1 run, 2 hits, 0 errors, 1 left on base; Reading 1 - Kingston 2 | TOP OF THE 8TH |
---|
Reading Rainbows batting - Pitching for Kingston Iguanas : RHP Guo-fang Juan | Now at 2B: John Beach | | Now in LF: Henry Durham | | Batting: RHB Hubert Brown | 0-0: Called Strike 0-1: Ball 1-1: Foul Ball, location: 2F 1-2: Ball 2-2: Ball 3-2: Foul Ball, location: 2F 3-2: Foul Ball, location: 2F 3-2: SINGLE (Groundball, 4MD) | Batting: RHB Howard Johnson | 0-0: Foul Ball, location: 2F 0-1: Bunted foul 0-2: Ball 1-2: Ball 2-2: Foul Ball, location: 2F 2-2: SINGLE (Groundball, 6MD) Hubert Brown to second Runner from 2nd tries for 3rd, SAFE, throw made at trailing runner, OUT! | Batting: RHB Juan Magdayao | Squeeze bunt is on, Hubert Brown is out 0-1: Fly out, F7 (Line Drive, 78M) | Top of the 8th over - 0 runs, 2 hits, 0 errors, 0 left on base; Reading 1 - Kingston 2 | BOTTOM OF THE 8TH |
---|
Kingston Iguanas batting - Pitching for Reading Rainbows : RHP Matt Barlow | Batting: LHB Jon Quinn | 0-0: Foul Ball, location: 2F 0-1: Foul Ball, location: 2F 0-2: Ball 1-2: Ball 2-2: Ground out 4-3 (Groundball, 4) | Batting: RHB Alejandro Ramírez | 0-0: Ball 1-0: Ground out 1-3 (Groundball, 15S) | Batting: LHB Gustavo Gómez | 0-0: Ball 1-0: Swinging Strike 1-1: Ball 2-1: Foul Ball, location: 2F 2-2: Strikes out swinging | Bottom of the 8th over - 0 runs, 0 hits, 0 errors, 0 left on base; Reading 1 - Kingston 2 | TOP OF THE 9TH |
---|
Reading Rainbows batting - Pitching for Kingston Iguanas : RHP Guo-fang Juan | Now in LF: Tim Davis | | Batting: LHB Júlio Lorenzo | 0-0: Ball 1-0: Called Strike 1-1: SINGLE (Groundball, 4) (infield hit) | Batting: RHB Ron King | 0-0: Ball 1-0: Called Strike 1-1: Fly out, F9 (Flyball, 9LSF) | Batting: RHB Ethan Moore | 0-0: Called Strike 0-1: SINGLE (Flyball, 7S) Júlio Lorenzo to second | Batting: RHB Carlos Huerta | 0-0: Called Strike 0-1: Called Strike 0-2: SINGLE (Groundball, 6D) Júlio Lorenzo to third Ethan Moore to second Runner from 3rd tries for Home, SAFE, throw made home | Pinch Runner at 2nd Joe Land: | | Batting: RHB Germán Romero | 0-0: Ball 1-0: DOUBLE (Line Drive, 78D) Joe Land scores Carlos Huerta to third | Batting: RHB José Moreno | 0-0: Swinging Strike 0-1: Ball 1-1: SINGLE (Line Drive, 34D) Carlos Huerta scores Germán Romero to third Runner from 3rd tries for Home, SAFE, no throw | Pitching: RHP Anastasio Cervantes | | Batting: RHB Hubert Brown | 0-0: Fielders Choice at 2nd, 1-6 (Groundball, P) | Batting: RHB Howard Johnson | 0-0: Called Strike Hubert Brown steals 2nd base 0-1: Called Strike 0-2: Ball 1-2: Strikes out swinging | Top of the 9th over - 4 runs, 5 hits, 0 errors, 1 left on base; Reading 5 - Kingston 2 | BOTTOM OF THE 9TH |
---|
Kingston Iguanas batting - Pitching for Reading Rainbows : RHP Matt Barlow | Now at 3B: Jack Dean | | Batting: RHB Bob Lee | 0-0: Bunt for hit - play at first, batter OUT! 1-3 | Batting: RHB Tim Davis | 0-0: DOUBLE (Flyball, 8RXD) | Batting: SHB John Beach | 0-0: Called Strike 0-1: Fly out, F5 (Popup, 15S) | Batting: SHB Júlio Valentín | 0-0: Fly out, F9 (Flyball, 89M) | Bottom of the 9th over - 0 runs, 1 hit, 0 errors, 1 left on base; Reading 5 - Kingston 2 | |